Connexion

ARIZONA Coyotes vs ST. LOUIS Blues

Created - 30 mars 2024 at 07:17

Goals
1 2 3 T
ARIZONA Coyotes 2 3 0 5
ST. LOUIS Blues 3 0 4 7
Shots
1 2 3 T
ARIZONA Coyotes 17 10 8 35
ST. LOUIS Blues 6 7 12 25

GoalsPenalties
1st period
1. ARIZONA Coyotes , Matt Boldy 23 (Madison Bowey 37) at 0:22
2. ST. LOUIS Blues , Brendan Gallagher 30 (Brayden McNabb 22, Jonas Brodin 36) at 2:11
3. ARIZONA Coyotes , Matthew Tkachuk 37 (Vince Dunn 47, Nazem Kadri 57) at 8:35
4. ST. LOUIS Blues , Jesper Bratt 36 (Dominic Kubalik 22, Dylan Larkin 57) at 10:05
5. ST. LOUIS Blues , David Perron 19 (Phillip Danault 44) at 15:37
Victor Olofsson (ARI) for High sticking (Minor) at 17:59
2nd period
6. ARIZONA Coyotes , Matthew Tkachuk 38 (Vince Dunn 48, Dougie Hamilton 52) at 0:57 (PP)
7. ARIZONA Coyotes , Justin Abdelkader 13 (Madison Bowey 38) at 4:17
8. ARIZONA Coyotes , Matt Boldy 24 (Brayden Point 53, Sean Durzi 35) at 19:06
Justin Schultz (STL) for Tripping (Minor) at 0:18
Dominic Kubalik (STL) for Holding (Minor) at 12:46
Matthew Tkachuk (ARI) for Tripping (Minor) at 14:04
Matt Boldy (ARI) for Tripping (Minor) at 16:21
Mackenzie Blackwood (STL) for Slashing (Minor) at 16:38 - Olli Juolevi served the penalty.
3rd period
9. ST. LOUIS Blues , Jaden Schwartz 27 (Phillip Danault 45, James Neal 26) at 2:22 (PP)
10. ST. LOUIS Blues , David Perron 20 (Justin Schultz 58, Olli Juolevi 37) at 6:22
11. ST. LOUIS Blues , Justin Schultz 18 (Phillip Danault 46) at 8:03 (PP)
12. ST. LOUIS Blues , Olli Juolevi 14 (Jesper Bratt 59, David Perron 26) at 9:48 (PP)
Dougie Hamilton (ARI) for Elbowing (Minor) at 0:39
Dougie Hamilton (ARI) for Tripping (Minor) at 7:45
Madison Bowey (ARI) for Tripping (Minor) at 8:17
Oscar Dansk (ARI) for Abuse of Officials (Major / Game Misconduct) at 11:53 - Brayden Point served the penalty.
Goalie Stats
Oscar Dansk (ARI), 1 saves from 1 shots - (1,000), 2:05 minutes
Jaroslav Halak (ARI), 17 saves from 24 shots - (0,708), L, 11-10-2, 57:55 minutes
Mackenzie Blackwood (STL), 30 saves from 35 shots - (0,857), W, 40-16-3, 60:00 minutes
3 StarsOfficial
1 - David Perron (STL)
2 - Phillip Danault (STL)
3 - Brendan Gallagher (STL)
Referees : Dan O'Halloran and Stephane Auger
Linesman : Don Henderson and Mark Shewchyk
Game Note
Oscar Dansk enters game at 9:48 of 3rd period
Oscar Dansk ejected from game at 11:53 of 3rd period
Jaroslav Halak enters game at 11:53 of 3rd period
Finance
Level 1 -- Attendance: 6000 (100,00%) -- Ticket Income $780,000
Level 2 -- Attendance: 5187 (84,34%) -- Ticket Income $394,212
Level 3 -- Attendance: 1853 (92,65%) -- Ticket Income $107,474
Level 4 -- Attendance: 3894 (97,35%) -- Ticket Income $144,078
Luxury Box -- Attendance: 1000 (100,00%) -- Ticket Income $280,000
Game was played at the Scottrade Center.
Total Attendance: 17934 (93,65%)
Total Ticket Income: $1,705,764
Other Income: $341,153
Total Income: $2,046,917



Team Name Goals Shots Shots Attemp Shots Blocked PIM HIT PP PK FO%
ARIZONA Coyotes 53572827181 / 3 (33%)345%
ST. LOUIS Blues 7255386213 / 7 (43%)155%

ARIZONA Coyotes
Player Name POS G A P +/- PIM HIT SHT SB MP PP MP PP SHT PK MP PK SHT FO% FOT
Braden SchneiderD000-1001012:150:0000:2300% 0
Brayden PointC/RW0112033018:531:0301:30050% 22
Brock NelsonC000000008:590:0000:00021% 14
Carl HagelinLW/RW000000003:140:0003:140100% 1
Dillon DubeC/LW/RW000000004:470:0000:3300% 0
Dougie HamiltonD011-1410424:031:5904:4300% 0
Justin AbdelkaderC/LW101003108:590:0000:0000% 0
Klim KostinC000000006:110:0001:57075% 4
Madison BoweyD0222210122:090:1505:2900% 0
Matt BoldyLW/RW2022216021:011:1100:0000% 1
Matthew TkachukLW/RW202-2239020:591:1015:2110% 0
Nazem KadriC/LW/RW011-2017023:381:1106:19150% 38
Sean DurziD0112011122:090:1505:0300% 0
Sonny MilanoLW/RW000000309:490:0900:0000% 0
Timo MeierLW/RW000-2011021:370:5405:1600% 0
Tucker PoolmanD000-1030115:160:0003:2400% 0
Victor OlofssonLW/RW0002203017:221:0300:0000% 2
Vince DunnD022-1000124:051:5905:0800% 0
ST. LOUIS Blues
Player Name POS G A P +/- PIM HIT SHT SB MP PP MP PP SHT PK MP PK SHT FO% FOT
Brayden McNabbD0110030219:380:3400:5800% 0
Brendan GallagherRW1013034017:515:0900:1100% 0
Craig SmithC/RW000-2011011:190:4610:11054% 13
David PerronC/LW/RW2133024017:425:3400:00050% 2
Dominic KubalikLW011-1201020:095:4810:0000% 1
Dylan LarkinC/LW011-1041021:415:1910:00059% 29
Jaden SchwartzLW101-2023116:226:0020:0000% 0
Jake LeschyshynC000000007:461:2000:00060% 10
James NealLW/RW011-2013016:225:5720:0300% 0
Jeremy LauzonD0001000110:420:0000:3600% 0
Jesper BrattLW/RW112-1012021:415:1900:0000% 2
Jonas BrodinD0110000119:090:0001:1600% 0
Justin SchultzD112-1202124:105:4520:5700% 0
Luke SchennD0001000012:331:5000:0000% 0
Marcus FolignoLW000001209:030:3402:0300% 0
Matthew HighmoreC/LW/RW000000006:260:0000:0000% 0
Olli JuoleviD112-1012222:164:3010:4100% 0
Phillip DanaultC0333020020:316:0002:00056% 25



Play-by-Play

1st period


0:01 of 1st period - Nazem Kadri wins face-off versus Dylan Larkin in neutral zone.
0:09 of 1st period - Icing by Justin Schultz.
0:10 of 1st period - Dylan Larkin wins face-off versus Brayden Point in ST. LOUIS Blues zone.
0:22 of 1st period - Shot by Matt Boldy.
0:22 of 1st period - Goal by Matt Boldy - ARIZONA Coyotes : 1 - ST. LOUIS Blues : 0.
0:23 of 1st period - Phillip Danault wins face-off versus Brock Nelson in neutral zone.
0:23 of 1st period - Phillip Danault is hit by Justin Abdelkader.
0:29 of 1st period - Shot by David Perron.
0:29 of 1st period - Stopped by Jaroslav Halak without a rebound.
0:30 of 1st period - Klim Kostin wins face-off versus Craig Smith in ARIZONA Coyotes zone.
0:47 of 1st period - Shot by Dillon Dube.
0:47 of 1st period - Shot Misses the Net.
1:51 of 1st period - Shot by Phillip Danault.
1:51 of 1st period - Shot Blocked by Dougie Hamilton.
2:11 of 1st period - Shot by Brendan Gallagher.
2:11 of 1st period - Goal by Brendan Gallagher - ARIZONA Coyotes : 1 - ST. LOUIS Blues : 1.
2:12 of 1st period - Dylan Larkin wins face-off versus Brock Nelson in neutral zone.
2:15 of 1st period - Shot by Justin Schultz.
2:15 of 1st period - Shot Misses the Net.
2:21 of 1st period - Shot by Sonny Milano.
2:21 of 1st period - Deflect By Brock Nelson.
2:21 of 1st period - Shot Misses the Net.
2:23 of 1st period - Shot by Sonny Milano.
2:23 of 1st period - Stopped by Mackenzie Blackwood without a rebound.
2:24 of 1st period - Jake Leschyshyn wins face-off versus Matt Boldy in ST. LOUIS Blues zone.
2:59 of 1st period - Shot by Brayden Point.
2:59 of 1st period - Shot Misses the Net.
3:10 of 1st period - Matthew Highmore is hit by Madison Bowey and loses puck.
3:25 of 1st period - Shot by Sonny Milano.
3:25 of 1st period - Shot Misses the Net.
3:27 of 1st period - Shot by Brock Nelson.
3:27 of 1st period - Shot Misses the Net.
3:38 of 1st period - Justin Schultz is hit by Tucker Poolman and loses puck.
3:42 of 1st period - Icing by Tucker Poolman.
3:43 of 1st period - Dylan Larkin wins face-off versus Brock Nelson in ARIZONA Coyotes zone.
3:43 of 1st period - Dylan Larkin is hit by Tucker Poolman.
3:45 of 1st period - Shot by Jesper Bratt.
3:45 of 1st period - Shot Misses the Net.
4:14 of 1st period - Shot by Dylan Larkin.
4:14 of 1st period - Shot Misses the Net.
4:43 of 1st period - Icing by Dougie Hamilton.
4:44 of 1st period - Nazem Kadri wins face-off versus David Perron in ARIZONA Coyotes zone.
4:44 of 1st period - Nazem Kadri is hit by David Perron.
5:02 of 1st period - Shot by Matthew Tkachuk.
5:02 of 1st period - Stopped by Mackenzie Blackwood without a rebound.
5:03 of 1st period - Craig Smith wins face-off versus Brayden Point in ST. LOUIS Blues zone.
5:03 of 1st period - Craig Smith is hit by Brayden Point.
5:35 of 1st period - Off-side.
5:36 of 1st period - Phillip Danault wins face-off versus Nazem Kadri in neutral zone.
6:09 of 1st period - Shot by Timo Meier.
6:09 of 1st period - Stopped by Mackenzie Blackwood with a rebound.
6:18 of 1st period - Icing by David Perron.
6:19 of 1st period - Brayden Point wins face-off versus Phillip Danault in ST. LOUIS Blues zone.
6:24 of 1st period - Shot by Matt Boldy.
6:24 of 1st period - Shot Blocked by Olli Juolevi.
6:26 of 1st period - Shot by Brayden Point.
6:26 of 1st period - Shot Hit the Post.
6:44 of 1st period - Shot by Victor Olofsson.
6:44 of 1st period - Shot Misses the Net.
6:46 of 1st period - Shot by Sean Durzi.
6:46 of 1st period - Stopped by Mackenzie Blackwood without a rebound.
6:47 of 1st period - Dylan Larkin wins face-off versus Brock Nelson in ST. LOUIS Blues zone.
6:47 of 1st period - Jesper Bratt is hit by Justin Abdelkader and loses puck.
6:56 of 1st period - Shot by Sonny Milano.
6:56 of 1st period - Stopped by Mackenzie Blackwood without a rebound.
6:57 of 1st period - Nazem Kadri wins face-off versus Craig Smith in ST. LOUIS Blues zone.
7:04 of 1st period - Shot by Nazem Kadri.
7:04 of 1st period - Stopped by Mackenzie Blackwood without a rebound.
7:05 of 1st period - Brayden Point wins face-off versus Dylan Larkin in ST. LOUIS Blues zone.
7:11 of 1st period - Matt Boldy is hit by Brayden McNabb and loses puck.
7:42 of 1st period - Matt Boldy is hit by Brayden McNabb and loses puck.
7:48 of 1st period - Matt Boldy is hit by Brayden McNabb and loses puck.
8:01 of 1st period - Icing by Vince Dunn.
8:02 of 1st period - Craig Smith wins face-off versus Nazem Kadri in ARIZONA Coyotes zone.
8:17 of 1st period - Shot by Matthew Tkachuk.
8:17 of 1st period - Shot Misses the Net.
8:35 of 1st period - Shot by Matthew Tkachuk.
8:35 of 1st period - Goal by Matthew Tkachuk - ARIZONA Coyotes : 2 - ST. LOUIS Blues : 1.
8:36 of 1st period - Phillip Danault wins face-off versus Brock Nelson in neutral zone.
8:38 of 1st period - David Perron is hit by Tucker Poolman.
9:38 of 1st period - Shot by Matthew Tkachuk.
9:38 of 1st period - Stopped by Mackenzie Blackwood without a rebound.
9:39 of 1st period - Brayden Point wins face-off versus Dylan Larkin in ST. LOUIS Blues zone.
9:44 of 1st period - Shot by Brayden Point.
9:44 of 1st period - Shot Misses the Net.
9:51 of 1st period - Icing by Justin Schultz.
9:52 of 1st period - Dylan Larkin wins face-off versus Nazem Kadri in ST. LOUIS Blues zone.
10:05 of 1st period - Shot by Jesper Bratt.
10:05 of 1st period - Goal by Jesper Bratt - ARIZONA Coyotes : 2 - ST. LOUIS Blues : 2.
10:06 of 1st period - Brayden Point wins face-off versus Craig Smith in neutral zone.
10:19 of 1st period - Shot by Matt Boldy.
10:19 of 1st period - Stopped by Mackenzie Blackwood with a rebound.
10:23 of 1st period - Shot by Brayden Point.
10:23 of 1st period - Shot Misses the Net.
10:45 of 1st period - Shot by Matt Boldy.
10:45 of 1st period - Stopped by Mackenzie Blackwood without a rebound.
10:46 of 1st period - Nazem Kadri wins face-off versus Dylan Larkin in ST. LOUIS Blues zone.
11:27 of 1st period - Shot by Nazem Kadri.
11:27 of 1st period - Stopped by Mackenzie Blackwood with a rebound.
11:29 of 1st period - Shot by Matthew Tkachuk.
11:29 of 1st period - Shot Blocked by Olli Juolevi.
12:07 of 1st period - Shot by Brock Nelson.
12:07 of 1st period - Shot Blocked by Justin Schultz.
12:46 of 1st period - Icing by Jonas Brodin.
12:47 of 1st period - Craig Smith wins face-off versus Nazem Kadri in ST. LOUIS Blues zone.
14:00 of 1st period - Shot by Victor Olofsson.
14:00 of 1st period - Stopped by Mackenzie Blackwood with a rebound.
14:04 of 1st period - Shot by Brayden Point.
14:04 of 1st period - Shot Misses the Net.
14:06 of 1st period - Shot by Brayden Point.
14:06 of 1st period - Stopped by Mackenzie Blackwood without a rebound.
14:07 of 1st period - Phillip Danault wins face-off versus Brock Nelson in ST. LOUIS Blues zone.
14:43 of 1st period - Shot by Brendan Gallagher.
14:43 of 1st period - Stopped by Jaroslav Halak without a rebound.
14:44 of 1st period - Jake Leschyshyn wins face-off versus Brayden Point in ARIZONA Coyotes zone.
14:49 of 1st period - Shot by Marcus Foligno.
14:49 of 1st period - Stopped by Jaroslav Halak without a rebound.
14:50 of 1st period - Jake Leschyshyn wins face-off versus Nazem Kadri in ARIZONA Coyotes zone.
14:51 of 1st period - Shot by Matthew Highmore.
14:51 of 1st period - Shot Blocked by Dougie Hamilton.
15:37 of 1st period - Shot by David Perron.
15:37 of 1st period - Goal by David Perron - ARIZONA Coyotes : 2 - ST. LOUIS Blues : 3.
15:38 of 1st period - Dylan Larkin wins face-off versus Brayden Point in neutral zone.
16:37 of 1st period - Shot by Justin Abdelkader.
16:37 of 1st period - Shot Misses the Net.
16:45 of 1st period - Justin Abdelkader is hit by Jesper Bratt and loses puck.
16:54 of 1st period - Shot by Braden Schneider.
16:54 of 1st period - Stopped by Mackenzie Blackwood without a rebound.
16:55 of 1st period - Nazem Kadri wins face-off versus Phillip Danault in ST. LOUIS Blues zone.
17:04 of 1st period - Shot by Matthew Tkachuk.
17:04 of 1st period - Stopped by Mackenzie Blackwood without a rebound.
17:05 of 1st period - Nazem Kadri wins face-off versus Craig Smith in ST. LOUIS Blues zone.
17:06 of 1st period - Shot by Matthew Tkachuk.
17:06 of 1st period - Stopped by Mackenzie Blackwood with a rebound.
17:59 of 1st period - Minor Penalty to Victor Olofsson for High sticking.
18:00 of 1st period - Dylan Larkin wins face-off versus Nazem Kadri in ARIZONA Coyotes zone.
18:58 of 1st period - Tucker Poolman is hit by Brendan Gallagher and loses puck.
Goals for this period are 2 for ARIZONA Coyotes vs 3 for ST. LOUIS Blues .
Shots for this period are 17 for ARIZONA Coyotes vs 6 for ST. LOUIS Blues .

2nd period


0:01 of 2nd period - Brayden Point wins face-off versus Phillip Danault in neutral zone.
0:01 of 2nd period - Sean Durzi is hit by David Perron and loses puck.
0:05 of 2nd period - Off-side.
0:06 of 2nd period - Brayden Point wins face-off versus Phillip Danault in neutral zone.
0:18 of 2nd period - Minor Penalty to Justin Schultz for Tripping.
0:19 of 2nd period - Phillip Danault wins face-off versus Nazem Kadri in ST. LOUIS Blues zone.
0:19 of 2nd period - Phillip Danault is hit by Matthew Tkachuk.
0:43 of 2nd period - Shot by Vince Dunn.
0:43 of 2nd period - Shot Blocked by Brayden McNabb.
0:45 of 2nd period - Shot by Vince Dunn.
0:45 of 2nd period - Shot Misses the Net.
0:51 of 2nd period - Shot by Matthew Tkachuk.
0:51 of 2nd period - Shot Misses the Net.
0:57 of 2nd period - Shot by Matthew Tkachuk.
0:57 of 2nd period - Goal by Matthew Tkachuk - ARIZONA Coyotes : 3 - ST. LOUIS Blues : 3.
0:58 of 2nd period - Dylan Larkin wins face-off versus Brock Nelson in neutral zone.
0:58 of 2nd period - Jesper Bratt is hit by Justin Abdelkader and loses puck.
1:39 of 2nd period - Shot by Dylan Larkin.
1:39 of 2nd period - Shot Misses the Net.
1:52 of 2nd period - Icing by Sean Durzi.
1:53 of 2nd period - Brock Nelson wins face-off versus Phillip Danault in ARIZONA Coyotes zone.
2:08 of 2nd period - Off-side.
2:09 of 2nd period - Craig Smith wins face-off versus Victor Olofsson in neutral zone.
2:34 of 2nd period - Shot by Jaden Schwartz.
2:34 of 2nd period - Stopped by Jaroslav Halak without a rebound.
2:35 of 2nd period - Phillip Danault wins face-off versus Nazem Kadri in ARIZONA Coyotes zone.
3:03 of 2nd period - Nazem Kadri is hit by Phillip Danault.
3:13 of 2nd period - Shot by Brendan Gallagher.
3:13 of 2nd period - Shot Misses the Net.
3:48 of 2nd period - Shot by Matt Boldy.
3:48 of 2nd period - Shot Misses the Net.
3:54 of 2nd period - Matt Boldy is hit by Brendan Gallagher and loses puck.
4:05 of 2nd period - Shot by Victor Olofsson.
4:05 of 2nd period - Stopped by Mackenzie Blackwood without a rebound.
4:06 of 2nd period - Brock Nelson wins face-off versus Jesper Bratt in ST. LOUIS Blues zone.
4:17 of 2nd period - Shot by Justin Abdelkader.
4:17 of 2nd period - Goal by Justin Abdelkader - ARIZONA Coyotes : 4 - ST. LOUIS Blues : 3.
4:18 of 2nd period - Klim Kostin wins face-off versus Jake Leschyshyn in neutral zone.
4:52 of 2nd period - Shot by Matt Boldy.
4:52 of 2nd period - Stopped by Mackenzie Blackwood without a rebound.
4:53 of 2nd period - Dylan Larkin wins face-off versus Nazem Kadri in ST. LOUIS Blues zone.
6:02 of 2nd period - Vince Dunn is hit by Dylan Larkin and loses puck.
6:33 of 2nd period - Shot by Brendan Gallagher.
6:33 of 2nd period - Shot Blocked by Sean Durzi.
7:03 of 2nd period - Sean Durzi is hit by Jaden Schwartz and loses puck.
7:12 of 2nd period - Jaden Schwartz is hit by Brayden Point and loses puck.
7:21 of 2nd period - Shot by James Neal.
7:21 of 2nd period - Stopped by Jaroslav Halak without a rebound.
7:22 of 2nd period - Jake Leschyshyn wins face-off versus Brock Nelson in ARIZONA Coyotes zone.
7:23 of 2nd period - Shot by Marcus Foligno.
7:23 of 2nd period - Stopped by Jaroslav Halak without a rebound.
7:24 of 2nd period - Jake Leschyshyn wins face-off versus Brock Nelson in ARIZONA Coyotes zone.
7:25 of 2nd period - Shot by Matthew Highmore.
7:25 of 2nd period - Shot Misses the Net.
7:27 of 2nd period - Shot by Matthew Highmore.
7:27 of 2nd period - Shot Misses the Net.
7:43 of 2nd period - Shot by Matthew Highmore.
7:43 of 2nd period - Shot Misses the Net.
8:41 of 2nd period - Shot by Brendan Gallagher.
8:41 of 2nd period - Shot Blocked by Vince Dunn.
9:56 of 2nd period - Off-side.
9:57 of 2nd period - Brock Nelson wins face-off versus Craig Smith in neutral zone.
10:11 of 2nd period - Shot by Sonny Milano.
10:11 of 2nd period - Shot Blocked by Jeremy Lauzon.
10:26 of 2nd period - Shot by Justin Abdelkader.
10:26 of 2nd period - Shot Misses the Net.
10:28 of 2nd period - Shot by Sonny Milano.
10:28 of 2nd period - Stopped by Mackenzie Blackwood without a rebound.
10:29 of 2nd period - Nazem Kadri wins face-off versus Phillip Danault in ST. LOUIS Blues zone.
10:54 of 2nd period - Shot by Nazem Kadri.
10:54 of 2nd period - Stopped by Mackenzie Blackwood without a rebound.
10:55 of 2nd period - Dylan Larkin wins face-off versus Brayden Point in ST. LOUIS Blues zone.
11:35 of 2nd period - Shot by Victor Olofsson.
11:35 of 2nd period - Stopped by Mackenzie Blackwood with a rebound.
11:37 of 2nd period - Shot by Victor Olofsson.
11:37 of 2nd period - Shot Misses the Net.
11:39 of 2nd period - Shot by Matt Boldy.
11:39 of 2nd period - Stopped by Mackenzie Blackwood without a rebound.
11:40 of 2nd period - Craig Smith wins face-off versus Nazem Kadri in ST. LOUIS Blues zone.
11:46 of 2nd period - Off-side.
11:47 of 2nd period - Nazem Kadri wins face-off versus Phillip Danault in neutral zone.
11:50 of 2nd period - David Perron is hit by Matthew Tkachuk and loses puck.
12:31 of 2nd period - Sean Durzi is hit by Phillip Danault.
12:46 of 2nd period - Minor Penalty to Dominic Kubalik for Holding.
12:47 of 2nd period - Phillip Danault wins face-off versus Brayden Point in ST. LOUIS Blues zone.
12:55 of 2nd period - Off-side.
12:56 of 2nd period - Brayden Point wins face-off versus Phillip Danault in neutral zone.
13:08 of 2nd period - Icing by Vince Dunn.
13:09 of 2nd period - Phillip Danault wins face-off versus Brayden Point in ARIZONA Coyotes zone.
14:01 of 2nd period - Brayden McNabb is hit by Matthew Tkachuk.
14:04 of 2nd period - Minor Penalty to Matthew Tkachuk for Tripping.
14:05 of 2nd period - Dylan Larkin wins face-off versus Nazem Kadri in ARIZONA Coyotes zone.
14:31 of 2nd period - Shot by Dylan Larkin.
14:31 of 2nd period - Shot Misses the Net.
14:55 of 2nd period - Shot by Justin Schultz.
14:55 of 2nd period - Shot Misses the Net.
14:57 of 2nd period - Shot by James Neal.
14:57 of 2nd period - Stopped by Jaroslav Halak without a rebound.
14:58 of 2nd period - Phillip Danault wins face-off versus Nazem Kadri in ARIZONA Coyotes zone.
14:59 of 2nd period - Shot by Jaden Schwartz.
14:59 of 2nd period - Stopped by Jaroslav Halak with a rebound.
15:13 of 2nd period - Shot by Justin Schultz.
15:13 of 2nd period - Shot Blocked by Madison Bowey.
15:20 of 2nd period - Icing by Dominic Kubalik.
15:21 of 2nd period - Nazem Kadri wins face-off versus Dominic Kubalik in ST. LOUIS Blues zone.
16:21 of 2nd period - Minor Penalty to Matt Boldy for Tripping.
16:22 of 2nd period - Nazem Kadri wins face-off versus Dylan Larkin in ARIZONA Coyotes zone.
16:28 of 2nd period - Icing by David Perron.
16:29 of 2nd period - Nazem Kadri wins face-off versus Dylan Larkin in ST. LOUIS Blues zone.
16:38 of 2nd period - Shot by Matthew Tkachuk.
16:38 of 2nd period - Stopped by Mackenzie Blackwood without a rebound.
16:38 of 2nd period - Minor Penalty to Mackenzie Blackwood for Slashing.
16:39 of 2nd period - Dylan Larkin wins face-off versus Nazem Kadri in ST. LOUIS Blues zone.
16:39 of 2nd period - Dylan Larkin is hit by Timo Meier.
17:46 of 2nd period - Icing by Victor Olofsson.
17:47 of 2nd period - Brayden Point wins face-off versus Phillip Danault in ARIZONA Coyotes zone.
17:47 of 2nd period - Brayden Point is hit by Brendan Gallagher.
18:06 of 2nd period - Shot by Brendan Gallagher.
18:06 of 2nd period - Stopped by Jaroslav Halak without a rebound.
18:07 of 2nd period - Nazem Kadri wins face-off versus Dylan Larkin in ARIZONA Coyotes zone.
18:14 of 2nd period - Jesper Bratt is hit by Nazem Kadri and loses puck.
18:33 of 2nd period - Shot by Dougie Hamilton.
18:33 of 2nd period - Shot Misses the Net.
18:44 of 2nd period - Icing by James Neal.
18:45 of 2nd period - Craig Smith wins face-off versus Brayden Point in ST. LOUIS Blues zone.
19:06 of 2nd period - Shot by Matt Boldy.
19:06 of 2nd period - Goal by Matt Boldy - ARIZONA Coyotes : 5 - ST. LOUIS Blues : 3.
19:07 of 2nd period - Phillip Danault wins face-off versus Brock Nelson in neutral zone.
19:23 of 2nd period - Shot by David Perron.
19:23 of 2nd period - Stopped by Jaroslav Halak without a rebound.
19:24 of 2nd period - Brayden Point wins face-off versus Jesper Bratt in ARIZONA Coyotes zone.
19:35 of 2nd period - Shot by Victor Olofsson.
19:35 of 2nd period - Shot Misses the Net.
19:37 of 2nd period - Shot by Brayden Point.
19:37 of 2nd period - Shot Misses the Net.
Goals for this period are 3 for ARIZONA Coyotes vs 0 for ST. LOUIS Blues .
Shots for this period are 10 for ARIZONA Coyotes vs 7 for ST. LOUIS Blues .

3rd period


0:01 of 3rd period - Dylan Larkin wins face-off versus Victor Olofsson in neutral zone.
0:03 of 3rd period - Jesper Bratt is hit by Dougie Hamilton and loses puck.
0:10 of 3rd period - Shot by Dominic Kubalik.
0:10 of 3rd period - Shot Misses the Net.
0:12 of 3rd period - Shot by Olli Juolevi.
0:12 of 3rd period - Stopped by Jaroslav Halak with a rebound.
0:32 of 3rd period - Shot by Dylan Larkin.
0:32 of 3rd period - Deflect By Jesper Bratt.
0:32 of 3rd period - Shot Blocked by Dougie Hamilton.
0:39 of 3rd period - Minor Penalty to Dougie Hamilton for Elbowing.
0:40 of 3rd period - Phillip Danault wins face-off versus Nazem Kadri in ARIZONA Coyotes zone.
2:05 of 3rd period - Carl Hagelin is hit by Dylan Larkin and loses puck.
2:22 of 3rd period - Shot by Jaden Schwartz.
2:22 of 3rd period - Goal by Jaden Schwartz - ARIZONA Coyotes : 5 - ST. LOUIS Blues : 4.
2:23 of 3rd period - Jake Leschyshyn wins face-off versus Klim Kostin in neutral zone.
3:14 of 3rd period - Matt Boldy is hit by Craig Smith and loses puck.
3:37 of 3rd period - Shot by Craig Smith.
3:37 of 3rd period - Shot Misses the Net.
3:41 of 3rd period - Shot by James Neal.
3:41 of 3rd period - Shot Misses the Net.
4:39 of 3rd period - Shot by Nazem Kadri.
4:39 of 3rd period - Stopped by Mackenzie Blackwood without a rebound.
4:40 of 3rd period - Dylan Larkin wins face-off versus Brayden Point in ST. LOUIS Blues zone.
4:40 of 3rd period - Dylan Larkin is hit by Brayden Point.
5:05 of 3rd period - Shot by Matt Boldy.
5:05 of 3rd period - Shot Misses the Net.
5:11 of 3rd period - Shot by Victor Olofsson.
5:11 of 3rd period - Shot Blocked by Jonas Brodin.
5:44 of 3rd period - Shot by Matthew Tkachuk.
5:44 of 3rd period - Shot Hit the Post.
5:46 of 3rd period - Shot by Matthew Tkachuk.
5:46 of 3rd period - Stopped by Mackenzie Blackwood with a rebound.
5:56 of 3rd period - Shot by Nazem Kadri.
5:56 of 3rd period - Stopped by Mackenzie Blackwood without a rebound.
5:57 of 3rd period - David Perron wins face-off versus Brock Nelson in ST. LOUIS Blues zone.
6:20 of 3rd period - Shot by David Perron.
6:20 of 3rd period - Shot Misses the Net.
6:22 of 3rd period - Shot by David Perron.
6:22 of 3rd period - Goal by David Perron - ARIZONA Coyotes : 5 - ST. LOUIS Blues : 5.
6:23 of 3rd period - Brayden Point wins face-off versus Craig Smith in neutral zone.
6:30 of 3rd period - Shot by Brayden Point.
6:30 of 3rd period - Stopped by Mackenzie Blackwood without a rebound.
6:31 of 3rd period - Craig Smith wins face-off versus Brayden Point in ST. LOUIS Blues zone.
6:48 of 3rd period - Shot by Victor Olofsson.
6:48 of 3rd period - Shot Misses the Net.
6:50 of 3rd period - Shot by Brayden Point.
6:50 of 3rd period - Shot Blocked by Brayden McNabb.
6:52 of 3rd period - Shot by Victor Olofsson.
6:52 of 3rd period - Shot Misses the Net.
6:54 of 3rd period - Shot by Brayden Point.
6:54 of 3rd period - Shot Misses the Net.
6:58 of 3rd period - Shot by Victor Olofsson.
6:58 of 3rd period - Shot Hit the Post.
7:00 of 3rd period - Shot by Sean Durzi.
7:00 of 3rd period - Shot Misses the Net.
7:02 of 3rd period - Shot by Brayden Point.
7:02 of 3rd period - Shot Misses the Net.
7:04 of 3rd period - Shot by Sean Durzi.
7:04 of 3rd period - Shot Misses the Net.
7:06 of 3rd period - Shot by Victor Olofsson.
7:06 of 3rd period - Shot Blocked by Jaden Schwartz.
7:08 of 3rd period - Shot by Victor Olofsson.
7:08 of 3rd period - Deflect By Brayden Point.
7:08 of 3rd period - Stopped by Mackenzie Blackwood without a rebound.
7:09 of 3rd period - Nazem Kadri wins face-off versus Dylan Larkin in ST. LOUIS Blues zone.
7:45 of 3rd period - Minor Penalty to Dougie Hamilton for Tripping.
7:46 of 3rd period - Phillip Danault wins face-off versus Nazem Kadri in ARIZONA Coyotes zone.
8:03 of 3rd period - Shot by Justin Schultz.
8:03 of 3rd period - Goal by Justin Schultz - ARIZONA Coyotes : 5 - ST. LOUIS Blues : 6.
8:04 of 3rd period - Brayden Point wins face-off versus Jake Leschyshyn in neutral zone.
8:13 of 3rd period - Brayden Point is hit by Marcus Foligno and loses puck.
8:17 of 3rd period - Minor Penalty to Madison Bowey for Tripping.
8:18 of 3rd period - Nazem Kadri wins face-off versus Dylan Larkin in ARIZONA Coyotes zone.
8:24 of 3rd period - Icing by Olli Juolevi.
8:25 of 3rd period - Dylan Larkin wins face-off versus Nazem Kadri in ST. LOUIS Blues zone.
8:42 of 3rd period - Shot by Dylan Larkin.
8:42 of 3rd period - Stopped by Jaroslav Halak without a rebound.
8:43 of 3rd period - Nazem Kadri wins face-off versus Phillip Danault in ARIZONA Coyotes zone.
9:07 of 3rd period - Brayden Point is hit by Jaden Schwartz and loses puck.
9:12 of 3rd period - Shot by Dominic Kubalik.
9:12 of 3rd period - Stopped by Jaroslav Halak with a rebound.
9:14 of 3rd period - Shot by Dominic Kubalik.
9:14 of 3rd period - Shot Misses the Net.
9:46 of 3rd period - Shot by Jesper Bratt.
9:46 of 3rd period - Shot Misses the Net.
9:48 of 3rd period - Shot by Olli Juolevi.
9:48 of 3rd period - Goal by Olli Juolevi - ARIZONA Coyotes : 5 - ST. LOUIS Blues : 7.
9:48 of 3rd period - Oscar Dansk enters game.
9:49 of 3rd period - Klim Kostin wins face-off versus Jake Leschyshyn in neutral zone.
10:37 of 3rd period - Icing by Brayden McNabb.
10:38 of 3rd period - Nazem Kadri wins face-off versus Jake Leschyshyn in ST. LOUIS Blues zone.
10:45 of 3rd period - Shot by Nazem Kadri.
10:45 of 3rd period - Stopped by Mackenzie Blackwood without a rebound.
10:46 of 3rd period - Nazem Kadri wins face-off versus Dylan Larkin in ST. LOUIS Blues zone.
10:46 of 3rd period - Nazem Kadri is hit by Olli Juolevi.
11:22 of 3rd period - Shot by Matthew Tkachuk.
11:22 of 3rd period - Stopped by Mackenzie Blackwood without a rebound.
11:23 of 3rd period - Phillip Danault wins face-off versus Brayden Point in ST. LOUIS Blues zone.
11:23 of 3rd period - Phillip Danault is hit by Matt Boldy.
11:53 of 3rd period - Shot by Brendan Gallagher.
11:53 of 3rd period - Stopped by Oscar Dansk without a rebound.
11:53 of 3rd period - Major / Game Misconduct Penalty to Oscar Dansk for Abuse of Officials.
11:53 of 3rd period - Oscar Dansk is ejected from game.
11:53 of 3rd period - Jaroslav Halak enters game.
11:54 of 3rd period - Nazem Kadri wins face-off versus Dylan Larkin in ARIZONA Coyotes zone.
13:06 of 3rd period - Shot by Nazem Kadri.
13:06 of 3rd period - Stopped by Mackenzie Blackwood without a rebound.
13:07 of 3rd period - Carl Hagelin wins face-off versus Phillip Danault in ST. LOUIS Blues zone.
14:08 of 3rd period - Nazem Kadri is hit by Dylan Larkin.
14:21 of 3rd period - Klim Kostin is hit by Dylan Larkin and loses puck.
14:42 of 3rd period - Shot by Olli Juolevi.
14:42 of 3rd period - Shot Misses the Net.
14:44 of 3rd period - Shot by David Perron.
14:44 of 3rd period - Shot Blocked by Tucker Poolman.
14:46 of 3rd period - Shot by Olli Juolevi.
14:46 of 3rd period - Shot Blocked by Dougie Hamilton.
15:14 of 3rd period - Shot by Justin Schultz.
15:14 of 3rd period - Shot Misses the Net.
15:16 of 3rd period - Shot by Justin Schultz.
15:16 of 3rd period - Stopped by Jaroslav Halak without a rebound.
15:17 of 3rd period - Nazem Kadri wins face-off versus Dylan Larkin in ARIZONA Coyotes zone.
15:34 of 3rd period - Shot by James Neal.
15:34 of 3rd period - Stopped by Jaroslav Halak with a rebound.
16:22 of 3rd period - Shot by Marcus Foligno.
16:22 of 3rd period - Shot Misses the Net.
16:24 of 3rd period - Shot by Craig Smith.
16:24 of 3rd period - Stopped by Jaroslav Halak without a rebound.
16:25 of 3rd period - Phillip Danault wins face-off versus Nazem Kadri in ARIZONA Coyotes zone.
17:39 of 3rd period - Matt Boldy is hit by James Neal and loses puck.
18:04 of 3rd period - Shot by Jaden Schwartz.
18:04 of 3rd period - Shot Misses the Net.
19:28 of 3rd period - Shot by Jesper Bratt.
19:28 of 3rd period - Stopped by Jaroslav Halak without a rebound.
19:29 of 3rd period - Dylan Larkin wins face-off versus Nazem Kadri in ARIZONA Coyotes zone.
19:29 of 3rd period - Dylan Larkin is hit by Sean Durzi.
19:38 of 3rd period - Off-side.
19:39 of 3rd period - Dylan Larkin wins face-off versus Nazem Kadri in neutral zone.
Goals for this period are 0 for ARIZONA Coyotes vs 4 for ST. LOUIS Blues .
Shots for this period are 8 for ARIZONA Coyotes vs 12 for ST. LOUIS Blues .